 Dungeon Crawl Stone Soup version 0.28-a0-313-gbc0475efdd (webtiles) character file.

Game seed: 8217578509687980134

2625 siradein the Cleaver (level 9, -10/71 (74) HPs)
             Began as a Deep Dwarf Fighter on Sept 1, 2021.
             Killed from afar by Erica (22 damage)
             ... with a lance of force
             ... on level 9 of the Dungeon.
             The game lasted 00:27:53 (4492 turns).

siradein the Cleaver (Deep Dwarf Fighter)           Turns: 4492, Time: 00:27:53

HP:   -10/71 (74)   AC: 12    Str: 30    XL:     9   Next: 34%
MP:   2/2           EV:  7    Int: 12    God:
Gold: 62            SH:  0    Dex: 12    Spells: 8/8 levels left

rFire   . . .      SeeInvis .   B - +4 battleaxe of Sid Geg {flame, Int+4 Stlth+}
rCold   . . .      Faith    .   (shield currently unavailable)
rNeg    . . .      Spirit   .   C - +0 plate armour
rPois   .          Reflect  .   n - +0 helmet
rElec   .          Harm     .   (no cloak)
rCorr   +          Rampage  .   (no gloves)
Will    +....                   (no boots)
Stlth   ..........              e - amulet of the acrobat
HPRegen 0.00/turn               w - ring of resist corrosion
MPRegen 0.08/turn               s - +6 ring of strength

@: lethally poisoned (-10 -> -10), lightly drained
A: damage resistance, heal wounds, sense surroundings 2, no regeneration
a: Heal Wounds


You were on level 9 of the Dungeon.
You visited 1 branch of the dungeon, and saw 7 of its levels.

You collected 292 gold pieces.
You spent 230 gold pieces at shops.

Inventory:

Hand Weapons
 a - a +0 war axe
 B - the +4 battleaxe of Sid Geg (weapon) {flame, Int+4 Stlth+}
   (You bought it in a shop on level 3 of the Dungeon)

   It burns those it strikes, dealing additional fire damage.
   Big, fiery blades are also staple armaments of hydra-hunters.
   Int:       It affects your intelligence (+4).
   Stlth:     It makes you more stealthy.
Missiles
 m - 48 poisoned darts (quivered)
Armour
 c - a +0 kite shield
 n - a +0 helmet (worn)
 u - the +3 leather armour of Xom's Delight {rC+ Int+4}
   (You took it off an orc wizard on level 4 of the Dungeon)

   Int:       It affects your intelligence (+4).
   rC:        It protects you from cold.
 C - a +0 plate armour (worn)
Jewellery
 e - an amulet of the acrobat (around neck)
 l - a ring of fire
 s - a +6 ring of strength (right hand)
 w - a ring of resist corrosion (left hand)
 F - an amulet of faith
 G - a +6 ring of strength
Wands
 x - a wand of iceblast (10)
 D - a wand of flame (15)
 E - a wand of charming (10)
Scrolls
 f - 2 scrolls of magic mapping {unknown}
 g - 5 scrolls of identify {unknown}
 j - 3 scrolls of teleportation {unknown}
 k - 3 scrolls of fog {unknown}
 o - 2 scrolls of immolation {unknown}
 t - a scroll of enchant weapon {unknown}
 v - a scroll of holy word {unknown}
 y - a scroll of acquirement {unknown}
 A - 2 scrolls of noise {unknown}
Potions
 b - a potion of magic {unknown}
 d - 2 potions of curing {unknown}
 h - 2 potions of brilliance {unknown}
 i - 2 potions of attraction {unknown}
 p - a potion of berserk rage {unknown}
 q - a potion of flight {unknown}
 r - 2 potions of haste
 z - a potion of mutation {unknown}


   Skills:
 - Level 2.6 Fighting
 + Level 13.5 Axes
 - Level 3.2 Armour
 - Level 3.2 Shields


You had 8 spell levels left.
You didn't know any spells.
Your spell library contained the following spells:

 Spells                   Type           Power      Damage    Failure   Level
 Summon Small Mammal      Summ           0%         N/A       98%         1
 Blink                    Tloc           N/A        N/A       99%         2
 Call Canine Familiar     Summ           0%         N/A       100%        3
 Gell's Gravitas          Tloc           0%         N/A       100%        3
 Summon Guardian Golem    Hex/Summ       0%         N/A       100%        3
 Teleport Other           Tloc           0%         N/A       100%        3
 Manifold Assault         Tloc           0%         N/A       100%        5
 Dispersal                Tloc           0%         N/A       100%        6
 Storm Form               Tmut/Air       0%         N/A       100%        7


Dungeon Overview and Level Annotations

Branches:
Dungeon (6/15)             Temple (0/1) D:6

Altars:

Shops:
D:1 (   D:3 (

Annotations:
D:9 Erica


Innate Abilities, Weirdness & Mutations

You are resistant to damage.
You can heal yourself by infusing magical energy.
You passively map the area around you.
You do not regenerate.


Message History

You closely miss something. The wight closely misses you. Something hits you.
Something burns you. The wight hits you but does no damage.
You closely miss the wight.
The wight is moderately damaged.
You miss something. Something completely misses you.
The wight hits you with a +4 spear of freezing.
The wight freezes you.
You hit something. You burn something. You slash the wight! You burn the wight.
You destroy the wight!
You hear some strange, mumbled words.
A bolt of poison appears from out of thin air!
The bolt of poison hits you!!
You are more poisoned.
* * * LOW HITPOINT WARNING * * *
Your magical essence is drained by the effort!
You feel much better. Something hits you! Something burns you.
* * * LOW HITPOINT WARNING * * *
You closely miss something. Something hits you.
* * * LOW HITPOINT WARNING * * *
Something burns you.
You miss something.
You hear some strange, mumbled words.
A bolt of poison appears from out of thin air!
The bolt of poison hits you!
You are more poisoned.
* * * LOW HITPOINT WARNING * * *
You feel much better. Something hits you. Something burns you.
You barely miss something. Something hits you. Something burns you.
You barely miss something. Something hits you but does no damage.
Something hits you. Something burns you.
You closely miss something. Something hits you. Something burns you.
You slice something!! You burn something. Something hits you!
* * * LOW HITPOINT WARNING * * *
Something burns you.
* * * LOW HITPOINT WARNING * * *
You barely miss something.
You hear some strange, mumbled words.
A lance of force appears from out of thin air!
The lance of force hits you!!
You die...

, , , , ,, , * * ,, , ,* ,
, , , , ,,,, , * , ***
#############+##* ** , ,
#....#....#....# , , , ...
#....#....#....# *...
#....#....#....# ,
....#....#...)#)...# , ,
,, ,.#...#....†...)@....+,
, ,
#...#......#†..{#....#, ,
..#...#....#....#....# ,
,,,
#...#...l..#....#....#, ,
, ,#...#....##############
* *
,..#...................# ,
#...#.................#
#...#...................#
,
..#...#.................#,
,, *


There were no monsters in sight!

Vanquished Creatures
  3 wyverns
  Eustachio (D:5)
  A water moccasin (D:5)
  A sky beast (D:5)
  An ogre (D:5)
  A centaur (D:6)
  2 phantoms (D:5)
  A kobold brigand (D:6)
  A wyvern zombie (D:5)
  A gnoll sergeant (D:5)
  3 scorpions
  A water moccasin skeleton (D:5)
  5 killer bees (D:9)
  3 wights (D:9)
  A howler monkey (D:4)
  A centaur zombie (D:5)
  An orc priest (D:4)
  3 bullfrog zombies
  2 hounds
  3 jellies
  A bullfrog skeleton (D:5)
  Terence (D:2)
  2 iguanas
  2 orc wizards
  A hound skeleton (D:5)
  A hound zombie (D:5)
  Robin (D:2)
  4 gnolls (D:5)
  A howler monkey skeleton (D:5)
  10 adders
  A white imp (D:3)
  2 adder skeletons (D:4)
  A dart slug (D:1)
  8 orcs
  8 ball pythons
  9 endoplasms
  2 giant cockroaches
  9 goblins
  8 hobgoblins
  3 jackals (D:2)
  4 quokkas
  5 bats
  4 frilled lizards
  9 kobolds
  7 rats
140 creatures vanquished.

Vanquished Creatures (others)
  A plant (D:2)
1 creature vanquished.

Grand Total: 141 creatures vanquished

Notes
Turn   | Place    | Note
-------+----------+-------------------------------------------
     0 | D:1      | siradein the Deep Dwarf Fighter began the quest for the
                  | Orb.
     0 | D:1      | Reached XP level 1. HP: 20/20 MP: 1/1
   214 | D:1      | Reached skill level 3 in Axes
   277 | D:1      | Reached XP level 2. HP: 24/27 MP: 2/2
   566 | D:1      | Found Gittess's Weapon Shop.
   778 | D:2      | Noticed Robin
   816 | D:2      | Killed Robin
   817 | D:2      | Reached skill level 4 in Axes
   817 | D:2      | Reached XP level 3. HP: 19/33 MP: 3/3
   910 | D:2      | Found a faded altar of an unknown god.
  1062 | D:2      | Noticed Terence
  1109 | D:2      | Killed Terence
  1110 | D:2      | Reached skill level 5 in Axes
  1110 | D:2      | Reached XP level 4. HP: 24/40 MP: 4/4
  1676 | D:3      | Reached XP level 5. HP: 45/46 MP: 5/5
  1801 | D:3      | Reached skill level 6 in Axes
  1870 | D:3      | Found Enyxt's Antique Weapon Boutique.
  2332 | D:4      | Identified the +3 leather armour of Xom's Delight {rC+
                  | Int+4}
  2435 | D:4      | Reached skill level 7 in Axes
  2435 | D:4      | Reached XP level 6. HP: 28/55 MP: 5/5
  2438 | D:4      | Noticed a wyvern
  2446 | D:4      | Killed a wyvern
  2447 | D:4      | Reached skill level 8 in Axes
  2711 | D:4      | Reached XP level 7. HP: 40/61 MP: 5/5
  3026 | D:5      | Entered Level 5 of the Dungeon
  3068 | D:5      | Reached skill level 9 in Axes
  3260 | D:5      | Noticed Eustachio
  3311 | D:5      | Killed Eustachio
  3312 | D:5      | Reached skill level 10 in Axes
  3312 | D:5      | Reached XP level 8. HP: 20/68 MP: 4/4
  3628 | D:3      | Bought a translucent battleaxe for 230 gold pieces
  3628 | D:3      | Identified the +4 battleaxe of Sid Geg {flame, Int+4
                  | Stlth+} (You bought it in a shop on level 3 of the Dungeon)
  3729 | D:5      | Reached skill level 11 in Axes
  3859 | D:5      | Reached skill level 12 in Axes
  4418 | D:6      | Gained mutation: You passively map the area around you.
                  | [Deep Dwarf growth]
  4418 | D:6      | Reached XP level 9. HP: 61/74 MP: 3/3
  4431 | D:6      | You fall into a shaft and drop 3 floors!
  4457 | D:9      | Reached skill level 13 in Axes
  4472 | D:9      | Noticed Erica
  4492 | D:9      | Killed from afar by Erica

Illustrated notes

Levels and vault maps discovered:
D:1:      lightli_iron_boxes, layout_basic, serial_shops,
          nicolae_shop_window_shopping, minmay_crystal_water
D:2:      layout_loops_ring, dreamdust_ecumenical_altar_grove, uniq_robin,
          uniq_terence
D:3:      layout_loops_ring, serial_shops, shop
D:4:      layout_basic
D:5:      layout_loops_corners, nzn_random_ring, uniq_eustachio
D:6:      layout_layer_cave, minmay_temple_entry_butterflies, serial_shops,
          nicolae_take_the_stairs, kennysheep_generic_room_12, uniq_sigmund,
          uniq_prince_ribbit1, uniq_duvessa
D:9:      layout_grid_maze, hex_large, uniq_erica

Skill      XL: |  1  2  3  4  5  6  7  8  9 |
---------------+----------------------------+-----
Axes           | 3 4 5 7 8 10 12 13 | 13.5
Fighting       | |  2.6
Armour         | |  3.2
Shields        | |  3.2

Action                   |  1- 3 |  4- 6 |  7- 9 || total
-------------------------+-------+-------+-------++-------
Melee: War axe           |   101 |   143 |    84 ||   328
       Battleaxe         |       |       |    92 ||    92
Throw: Dart              |     5 |     6 |       ||    11
 Abil: Heal Wounds       |       |     4 |    12 ||    16
  Use: Potion            |       |     1 |       ||     1
Armor: Scale mail        |    51 |    28 |       ||    79
       Leather armour    |       |    30 |       ||    30
       Chain mail        |       |       |    90 ||    90
       Plate armour      |       |       |    45 ||    45
Dodge: Dodged            |    37 |    53 |   126 ||   216
Block: Kite shield       |    60 |    65 |    49 ||   174

Table legend: (Time is in decaauts)
 A = Elapsed time spent in this place.
 B = Non-inter-level travel time spent in this place.
 C = Inter-level travel time spent in this place.
 D = Time resting spent in this place.
 E = Time spent auto-exploring this place.
 F = Levels seen in this place.
 G = Mean time per level.
                   A        B        C        D        E       F      G
               +--------+--------+--------+--------+--------+-----+--------+
         Total |   4646 |   4298 |    348 |     17 |   3066 |   7 |  663.7 |
       Dungeon |   4646 |   4298 |    348 |     17 |   3066 |   7 |  663.7 |
               +--------+--------+--------+--------+--------+-----+--------+

Top non-repeatable levels by time:
     D:5: 1193 daAuts
     D:2: 848 daAuts
     D:1: 811 daAuts
     D:4: 791 daAuts
     D:3: 785 daAuts
     D:6: 154 daAuts
     D:9: 62 daAuts
